 Dungeon Crawl Stone Soup version 0.31-a0-1206-g41278d8d1d (webtiles) character file.

Game seed: 2899695898183997891

88 Daunt the Stinger (level 4, -4/34 HPs)
             Began as a Draconian Venom Mage on Dec 13, 2023.
             Was an Initiate of Sif Muna.
             Slain by a black bear (5 damage)
             ... on level 4 of the Dungeon on Dec 14, 2023.
             The game lasted 00:22:11 (3150 turns).

Daunt the Stinger (Draconian Venom Mage)            Turns: 3150, Time: 00:22:11

Health: -4/34      AC:  5    Str: 11    XL:     4   Next: 29%
Magic:  7/7        EV: 12    Int: 17    God:    Sif Muna [......]
Gold:   89         SH:  0    Dex: 11    Spells: 4/7 levels left

rFire   . . .        d - +0 mace (holy)
rCold   + . .        (no shield)
rNeg    . . .        (body armour unavailable)
rPois   +            (helmet restricted)
rElec   .            (no cloak)
rCorr   .            (no gloves)
SInv    .            (no boots)
Will    .....        (no amulet)
Stlth   ++           q - ring of poison resistance
HPRegen 0.25/turn    n - ring of protection from cold
MPRegen 0.10/turn

%: no passive effects
@: no status effects
A: AC +5, unfitting armour, cold-blooded
a: Renounce Religion


You were on level 4 of the Dungeon.
You worshipped Sif Muna.
Sif Muna was noncommittal.
You visited 2 branches of the dungeon, and saw 5 of its levels.

You collected 89 gold pieces.

Inventory:

Hand Weapons
 d - a +0 mace of holy wrath (weapon)
Missiles
 c - 29 stones
 f - 6 boomerangs
 u - an atropa-tipped dart
Magical Staves
 g - a staff of air
Jewellery
 l - a ring of see invisible
 n - a ring of protection from cold (right hand)
 q - a ring of poison resistance (left hand)
Scrolls
 b - a scroll of identify {unknown}
 h - 3 scrolls of blinking {unknown}
 i - a scroll of vulnerability {unknown}
 k - a scroll of immolation {unknown}
 p - a scroll of teleportation {unknown}
 r - a scroll of enchant weapon {unknown}
 s - a scroll of torment {unknown}
 t - 3 scrolls of fear {unknown}
 w - a scroll of noise {unknown}
Potions
 a - a potion of magic
 e - a potion of enlightenment {unknown}
 j - a potion of brilliance {unknown}
 m - a potion of might {unknown}
 o - a potion of heal wounds {unknown}
 v - a potion of haste {unknown}


   Skills:
 + Level 0.5 Fighting
 - Level 1.7 Dodging
 - Level 1.7 Stealth
 + Level 2.1 Spellcasting
 - Level 1.0 Transmutations
 * Level 0.0 Air Magic
 + Level 5.0 Poison Magic


You had 4 spell levels left.
You knew the following spells:

 Your Spells              Type           Power      Damage    Failure   Level
a - Sting                 Tmut/Pois      48%        1d5       5%          1
v - Poisonous Vapours     Pois/Air       20%        N/A       11%         2

Your spell library contained the following spells:

 Spells                   Type           Power      Damage    Failure   Level
 Magic Dart               Conj           4%         1d3       19%         1
 Slow                     Hex            4%         N/A       19%         1
 Olgreb's Toxic Radiance  Pois           18%        N/A       24%         4
 Searing Ray              Conj           2%         2d4       28%         2
 Mephitic Cloud           Conj/Pois/Air  7%         N/A       28%         3
 Confusing Touch          Hex            1%         N/A       50%         3
 Ozocubu's Armour         Ice            1%         N/A       50%         3
 Sigil of Binding         Hex            1%         N/A       50%         3
 Vampiric Draining        Necr           1%         2d6       50%         3
 Fulminant Prism          Conj/Hex       0%         3d5       88%         4
 Metabolic Englaciation   Hex/Ice        0%         N/A       99%         5
 Simulacrum               Ice/Necr       0%         N/A       100%        6


Dungeon Overview and Level Annotations

Branches:
Dungeon (4/15) Zot: 20839  Temple (1/1) D:4 Zot: 5998

Altars:
Ashenzari
Fedhas
Gozag
Hepliaklqana
Qazlal
Ru
Sif Muna
Trog
Wu Jian
Xom
Yredelemnul
Zin

Annotations:
D:2 Sigmund
D:4 Grinder


Innate Abilities, Weirdness & Mutations

Your plain brown scales are hard. (AC +5)
You cannot fit into any form of body armour.
You are cold-blooded and may be slowed by cold attacks.


Message History

Unknown command.
Unknown command.
Unknown command.
Throw: dart (atropa)
Press: ? - help, Shift-Dir - straight line, f/p - black bear
Aim: a black bear (severely wounded, berserk, very poisoned, 59% to hit, chance to blind on hit: 22%)
Okay, then.
Unknown command.
Unknown command.
Unknown command.
Unknown command.
The black bear bites you. The black bear claws you.
The black bear barely misses you.
Your magical contamination has completely faded away.
Casting: Sting (safe; 5% risk of failure)
Confirm with . or Enter, or press ? or * to list all spells.
Okay, then.
Unknown command.
The black bear attacks as it pursues you!
The black bear bites you. The black bear claws you.
The black bear barely misses you. The black bear closely misses you.
The black bear claws you but does no damage.
The black bear closely misses you.
Unknown command.
Okay, then.
Unknown command.
Magic courses through your body. The black bear barely misses you. x2
The black bear misses you.
You are too injured to fight recklessly!
Casting: Sting (safe; 5% risk of failure)
Confirm with . or Enter, or press ? or * to list all spells.
Aiming: Sting (safe; 5% risk of failure)
Press: ? - help, Shift-Dir - straight line, f/p - black bear
Aim: a black bear (severely wounded, berserk, poisoned, 79% to hit)
The sting misses the black bear.
The black bear bites you!
* * * LOW HITPOINT WARNING * * *
The black bear misses you.
The black bear claws you but does no damage.
The black bear bites you.
You die...

##....#.#####....
#.#.........h......
#.#......####P.P...
#.#>........##.##..
######.#.........#...#P.
#..........<(......>....
#...............P#...#P.
#...............###.####
#......@h..##.....P.P...
####.########........... .
#####....................
...#.......#######..........
.......<....................
............##...........#..
.[.............≈≈≈≈≈≈≈...#..
.................≈≈≈≈§≈..#..
8..............8...._≈≈(....


You could see a black bear (berserk, poisoned).

Vanquished Creatures
  3 adders
  A worm (D:2)
  A dart slug (D:2)
  3 orcs (D:3)
  2 bats (D:1)
  2 endoplasms (D:1)
  2 giant cockroaches
  4 hobgoblins
  3 jackals (D:3)
  7 kobolds
  2 quokkas (D:1)
  7 ball pythons
  5 frilled lizards
  7 goblins
  3 rats
52 creatures vanquished.

Notes
Turn   | Place    | Note
-------+----------+-------------------------------------------
     0 | D:1      | Daunt the Draconian Venom Mage began the quest for the Orb.
     0 | D:1      | Reached XP level 1. HP: 14/14 MP: 3/3
   267 | D:1      | Reached XP level 2. HP: 20/20 MP: 0/5
   984 | D:2      | Reached skill level 4 in Poison Magic
  1136 | D:2      | Reached XP level 3. HP: 17/26 MP: 2/6
  1204 | D:2      | Found a faded altar of an unknown god.
  1334 | D:2      | Noticed Sigmund
  1935 | D:3      | Found a shimmering blue altar of Sif Muna.
  1951 | D:3      | Became a worshipper of Sif Muna the Loreminder
  2077 | D:3      | Learned a level 2 spell: Poisonous Vapours
  2285 | D:3      | Reached XP level 4. HP: 32/33 MP: 0/7
  2533 | D:3      | Reached skill level 5 in Poison Magic
  2864 | D:4      | Noticed a black bear
  2894 | D:4      | Noticed Grinder
  3064 | D:4      | Found a staircase to the Ecumenical Temple.
  3074 | Temple   | Entered the Ecumenical Temple
  3080 | D:4      | Found a stormy altar of Qazlal.
  3150 | D:4      | HP: 1/34 [black bear (11)]
  3150 | D:4      | Slain by a black bear

Illustrated notes

Levels and vault maps discovered:
D:1:      roderic_chinese_lattice_arrival, layout_loops_ring
D:2:      layout_basic, dreamdust_ecumenical_altar_grove, uniq_sigmund
D:3:      layout_loops_corners, lemuel_crystal_altar, minmay_crystal_water
D:4:      layout_basic, vehumet_crystals, mainiacjoe_overflow_catwalk,
          okawaru_metal_pillars_3, minmay_temple_entry_gardened_gates,
          serial_shops, nicolae_shop_tiny_statue_garden, uniq_grinder,
          uniq_edmund
Temple:   dpeg_chambers_temple

Skill      XL: |  1  2  3  4 |
---------------+-------------+-----
Poison Magic   | 4 5 |  5.0
Fighting       | |  0.5
Dodging        | |  1.7
Stealth        | |  1.7
Spellcasting   | |  2.1
Transmutations | |  1.0

Action                     |  1- 3 |  4- 6 || total
---------------------------+-------+-------++-------
  Melee: Mace              |    24 |     3 ||    27
         Tailslap          |     2 |       ||     2
  Throw: Dart              |       |     1 ||     1
   Cast: Sting             |    79 |    19 ||    98
         Poisonous Vapours |     2 |     2 ||     4
    Use: Potion            |       |     1 ||     1
 Armour: Skin              |    23 |    13 ||    36
  Dodge: Dodged            |    39 |    18 ||    57

Table legend: (Time is in decaauts)
 A = Elapsed time spent in this place.
 B = Non-inter-level travel time spent in this place.
 C = Inter-level travel time spent in this place.
 D = Time resting spent in this place.
 E = Time spent auto-exploring this place.
 F = Levels seen in this place.
 G = Mean time per level.
                   A        B        C        D        E       F      G
               +--------+--------+--------+--------+--------+-----+--------+
         Total |   3160 |   2913 |    247 |    575 |   1870 |   5 |  632.0 |
       Dungeon |   3159 |   2912 |    247 |    575 |   1870 |   4 |  789.8 |
        Temple |      1 |      1 |      0 |      0 |      0 |   1 |    1.0 |
               +--------+--------+--------+--------+--------+-----+--------+

Top non-repeatable levels by time:
     D:3: 1239 daAuts
     D:1: 947 daAuts
     D:2: 870 daAuts
     D:4: 101 daAuts
  Temple: 1 daAuts
